 Dungeon Crawl Stone Soup version 0.18.1-48-g4cf74bf (webtiles) character file.

62 TuxedoFelix the Covered (level 3, -6/33 HPs)
             Began as a Minotaur Fighter on July 24, 2016.
             Was an Initiate of Ru.
             Mangled by ThereIsNoGod's ghost (8 damage)
             ... on level 3 of the Dungeon.
             The game lasted 00:09:56 (1743 turns).

TuxedoFelix the Covered (Minotaur Fighter)          Turns: 1743, Time: 00:09:56

Health: -6/33      AC: 13    Str: 21    XL:     3   Next: 85%
Magic:  2/2        EV:  4    Int: 10    God:    Ru [......]
Gold:   113        SH:  9    Dex:  9    Spells: 0 memorised, 2 levels left

rFire  . . .     SeeInvis .     a - +2 long sword
rCold  . . .     Gourm    .     q - +0 plate armour
rNeg   . . .     Faith    .     c - +0 shield
rPois  .         Spirit   .     (helmet restricted)
rElec  .         Dismiss  .     e - +0 cloak
rCorr  .         Reflect  .     (no gloves)
SustAt .         Harm     .     (no boots)
MR     .....                    (no amulet)
Stlth  ..........               (no ring)
                                h - ring of stealth

@: brilliant, not resistant to hostile enchantments, extremely unstealthy
A: retaliatory headbutt, horns 2
a: Renounce Religion


You were on level 3 of the Dungeon.
You worshipped Ru.
Ru was noncommittal.
You were not hungry.

You visited 1 branch of the dungeon, and saw 3 of its levels.

You collected 113 gold pieces.

Inventory:

Hand Weapons
 a - a +2 long sword (weapon)
Armour
 c - a +0 shield (worn)
 e - a +0 cloak (worn)
 q - a +0 plate armour (worn)
Jewellery
 h - a ring of stealth (left hand)
Scrolls
 j - 2 scrolls of teleportation
 m - a scroll of remove curse
 o - a scroll of identify {unknown}
 p - a scroll of blinking {unknown}
Potions
 d - a potion of might
 i - a potion of degeneration {unknown}
 l - a potion of lignification {unknown}
 r - a potion of brilliance
 s - a potion of heal wounds {unknown}
Comestibles
 b - a meat ration
 f - a bread ration
 g - a beef jerky
 k - a chunk of flesh
 t - a fruit


   Skills:
 + Level 3.9 Fighting
 + Level 2.9 Long Blades
 + Level 4.3 Armour
 + Level 1.5 Dodging
 + Level 4.2 Shields


You had 2 spell levels left.
You didn't know any spells.

Dungeon Overview and Level Annotations

Branches:
Dungeon (3/15)

Altars:
Elyvilon
Makhleb
Ru
Vehumet

Annotations:
D:3 ThereIsNoGod's ghost, amateur MiGl


Innate Abilities, Weirdness & Mutations

You reflexively headbutt those who attack you in melee.
You have a pair of horns on your head.


Message History

You block ThereIsNoGod's ghost's attack.
ThereIsNoGod's ghost hits you!
You slash ThereIsNoGod's ghost!
ThereIsNoGod's ghost is moderately damaged.
ThereIsNoGod's ghost hits you!
An adder comes into view.
You closely miss ThereIsNoGod's ghost.
Your headbutt misses ThereIsNoGod's ghost.
ThereIsNoGod's ghost is moderately damaged.
The adder bites you but does no damage.
ThereIsNoGod's ghost hits you but does no damage.
You hit ThereIsNoGod's ghost but do no damage.
ThereIsNoGod's ghost is moderately damaged.
The adder bites you but does no damage. ThereIsNoGod's ghost hits you.
You block the adder's attack. ThereIsNoGod's ghost hits you!
* * * LOW HITPOINT WARNING * * *
As you read the scroll of fear, it crumbles to dust.
You assume a fearsome visage.
The adder looks frightened!
ThereIsNoGod's ghost is unaffected.
ThereIsNoGod's ghost hits you!
You die...

############
#.$........#########
#...........@.......
#...........W.......
#.<รท......S.###.....
###########..>......
####...... .# .# # #


You could see ThereIsNoGod's ghost and an adder (fleeing).

Vanquished Creatures
  An adder (D:2)
  3 dart slugs
  2 giant geckos
  A ball python (D:2)
  6 bats
  3 giant cockroaches (D:1)
  4 goblins
  7 hobgoblins
  5 kobolds
  2 quokkas
  2 giant newts
  5 rats (D:2)
41 creatures vanquished.

Notes
Turn   | Place    | Note
--------------------------------------------------------------
     0 | D:1      | TuxedoFelix the Minotaur Fighter began the quest for the Orb.
     0 | D:1      | Reached XP level 1. HP: 19/19 MP: 0/0
   222 | D:1      | Reached XP level 2. HP: 27/27 MP: 1/1
   735 | D:2      | Found a white marble altar of Elyvilon.
   870 | D:2      | Found a sacrificial altar of Ru.
   887 | D:2      | Became a worshipper of Ru the Awakened
   891 | D:2      | Found a burning altar of Makhleb.
   893 | D:2      | Found a radiant altar of Vehumet.
   931 | D:2      | Reached XP level 3. HP: 33/33 MP: 2/2
  1103 | D:2      | Reached skill level 1 in Dodging
  1732 | D:3      | Noticed ThereIsNoGod's ghost (amateur MiGl)
  1743 | D:3      | Mangled by ThereIsNoGod's ghost

Skill      XL: |  1  2  3 |
---------------+----------+-----
Armour         | 4 |  4.3
Dodging        | 1 |  1.5
Shields        | 4 |  4.2
Fighting       | |  3.9
Long Blades    | |  2.9

Action                   || total
-------------------------++-------
Melee: Long sword        ||   114
       Headbutt          ||    11
  Use: Scroll            ||     6
       Potion            ||     1
  Eat: Chunk             ||     2
       Bread ration      ||     1
Armor: Scale mail        ||    18
       Plate armour      ||    44
Dodge: Dodged            ||    33
Block: Shield            ||    66
